 Dungeon Sprint DCSS version 0.21-a0-286-g6fcecc0 (webtiles) character file.

2933 Kidiri the Thaumaturge (level 9, 0/54 HPs)
             Began as a Deep Elf Fire Elementalist on Sept 27, 2017.
             Was an Elder of Vehumet.
             Succumbed to a redback's poison
             ... in the Dungeon (Sprint III: "The Ten Rune Challenge").
             The game lasted 00:12:06 (1692 turns).

Kidiri the Thaumaturge (Deep Elf Fire Elementalist) Turns: 1692, Time: 00:12:07

Health: 0/54       AC:  2    Str:  5    XL:     9   Next: 50%
Magic:  15/26      EV: 16    Int: 24    God:    Vehumet [****..]
Gold:   50         SH:  0    Dex: 13    Spells: 11/36 levels left

rFire    . . .     SeeInvis .   b - +0 dagger
rCold    . . .     Gourm    .   (no shield)
rNeg     . . .     Faith    .   a - +0 robe
rPois    .         Spirit   .   (no helmet)
rElec    .         Reflect  .   (no cloak)
rCorr    .         Harm     .   (no gloves)
MR       .....     NoTele   +   (no boots)
Stlth    ++........             (no amulet)
HPRegen  0.18/turn              (no ring)
MPRegen  0.20/turn              (no ring)

@: lethally poisoned (0 -> -27)
A: fangs 1, clumsy 1, low mp 1
a: Renounce Religion


You were in the Dungeon.
You worshipped Vehumet.
Vehumet was greatly pleased with you.
You were not hungry.

You visited 1 branch You collected 50 gold pieces.

Inventory:

Hand Weapons
 b - a +0 dagger (weapon)
Armour
 a - a +0 robe (worn)
Scrolls
 i - a scroll of blinking
 m - a scroll of immolation
 o - 2 scrolls of remove curse {unknown}
 q - 3 scrolls of torment {unknown}
 r - a scroll of fog {unknown}
Potions
 f - 2 potions of haste
 g - 2 potions of magic
 h - 2 potions of berserk rage
 p - 2 potions of flight
Comestibles
 c - a bread ration
 j - 2 meat rations
 k - a royal jelly
 l - 6 chunks of flesh


   Skills:
 + Level 5.1 Fighting
 + Level 6.1 Short Blades
 + Level 5.1 Armour
 + Level 8.0 Dodging
 - Level 2.4 Stealth
 * Level 14.4 Spellcasting
 + Level 8.8 Conjurations
 + Level 9.5 Fire Magic
 + Level 6.1 Air Magic
 + Level 6.7 Poison Magic


You had 11 spell levels left.
You knew the following spells:

 Your Spells              Type           Power        Failure   Level  Hunger
a - Flame Tongue          Conj/Fire      #####        1%          1    None
b - Throw Flame           Conj/Fire      ######       1%          2    None
c - Conjure Flame         Conj/Fire      ######..     1%          3    None
d - Inner Flame           Hex/Fire       #####...     1%          3    None
e - Sticky Flame          Conj/Fire      ######..     1%          4    None
f - Fireball              Conj/Fire      ######....   1%          5    ##.....
g - Mephitic Cloud        Conj/Pois/Air  ######..     1%          3    None
h - Airstrike             Air            #####.....   1%          4    None


Dungeon Overview and Level Annotations

Branches:
Dungeon (1/1)

Altars:
Cheibriados
Dithmenos
Elyvilon
Fedhas
Gozag
Hepliaklqana
Kikubaaqudgha
Makhleb
Nemelex Xobeh
Okawaru
Qazlal
Ru
Sif Muna
Trog
Uskayaw
Vehumet
Wu Jian
Xom
Yredelemnul
Zin
The Shining One
Beogh
Jiyva
Lugonu

Annotations:
D exclusion: door


Innate Abilities, Weirdness & Mutations

You have very sharp teeth.
You are clumsy. (Dex -2)
Your magical capacity is low. (-10% MP)


Message History

You kill the redback!
Vehumet accepts your kill.
You feel your power returning.
Your Dodging skill increases to level 8!
* * * LOW HITPOINT WARNING * * *
You feel very sick.
Okay, then.
Unknown command.
* * * LOW HITPOINT WARNING * * *
You feel very sick.
You close the door.
* * * LOW HITPOINT WARNING * * *
You feel very sick.
* * * LOW HITPOINT WARNING * * *
You feel very sick.
* * * LOW HITPOINT WARNING * * *
You feel sick.
* * * LOW HITPOINT WARNING * * *
You feel very sick.
You die...

#)_# #+## ...# ...# ##'#
...#+##############
...#....#.#.#.))..#
...##)#..#.##.###.#
...'##)#.#.##)#.@##
...#...#..#).##..+......
▓▓▓▓▓▓▓▓▓▓▓▓▓▓▓▓▓#......
...... ..... ..... ####


There were no monsters in sight!

Vanquished Creatures
  Erolcha (D)
  A deep elf mage (D)
  A shadow (D)
  2 redbacks (D)
  A spatial vortex (D)
  A necrophage (D)
  5 two-headed ogres (D)
  A water elemental (D)
  A jelly (D)
  A wizard (D)
  A necromancer (D)
  A kobold demonologist (D)
  3 humans (D)
  A wolf (D)
  2 oozes (D)
  2 rats (D)
25 creatures vanquished.

Vanquished Creatures (others)
  2 draconian scorchers (D)
  6 hellions (D)
  2 yaktaurs (D)
10 creatures vanquished.

Grand Total: 35 creatures vanquished

Notes
Turn   | Place    | Note
-------+----------+-------------------------------------------
     0 | D        | Kidiri the Deep Elf Fire Elementalist began the quest for the Orb.
     0 | D        | Reached XP level 1. HP: 10/10 MP: 6/6
    12 | D        | Reached skill level 4 in Spellcasting
    55 | D        | Killed a yaktaur
   104 | D        | Reached XP level 2. HP: 7/15 MP: 4/9
   108 | D        | Learned a level 2 spell: Throw Flame
   114 | D        | Killed a yaktaur
   130 | D        | Killed a hellion
   130 | D        | Killed a white draconian scorcher
   131 | D        | Killed a hellion
   153 | D        | Killed a hellion
   212 | D        | Killed a hellion
   221 | D        | Killed a white draconian scorcher
   251 | D        | Killed a hellion
   284 | D        | Reached skill level 5 in Spellcasting
   314 | D        | Reached skill level 6 in Spellcasting
   314 | D        | Reached XP level 3. HP: 6/19 MP: 4/12
   319 | D        | Learned a level 3 spell: Conjure Flame
   323 | D        | Learned a level 3 spell: Inner Flame
   504 | D        | Killed a hellion
   548 | D        | Gained mutation: Scrolls take you a little longer to read. [potion of mutation]
   548 | D        | Gained mutation: You are robust. (+10% HP) [potion of mutation]
   549 | D        | Lost mutation: Scrolls take you a little longer to read. [potion of mutation]
   549 | D        | Lost mutation: You are robust. (+10% HP) [potion of mutation]
   549 | D        | Gained mutation: Your mind is acute. (Int +2) [potion of mutation]
   549 | D        | Gained mutation: Your mind is very acute. (Int +4) [potion of mutation]
   550 | D        | Lost mutation: Your mind is very acute. (Int +4) [potion of mutation]
   550 | D        | Lost mutation: Your mind is acute. (Int +2) [potion of mutation]
   550 | D        | Gained mutation: You are clumsy. (Dex -2) [potion of mutation]
   550 | D        | Gained mutation: Your magical capacity is low. (-10% MP) [potion of mutation]
   550 | D        | Gained mutation: You have very sharp teeth. [potion of mutation]
   611 | D        | Noticed a water elemental
   613 | D        | Killed a water elemental
   613 | D        | Reached skill level 8 in Spellcasting
   613 | D        | Reached skill level 5 in Fire Magic
   613 | D        | Reached XP level 4. HP: 24/24 MP: 8/15
   620 | D        | Learned a level 4 spell: Sticky Flame
   660 | D        | Found a radiant altar of Vehumet.
   661 | D        | Found a deep blue altar of Sif Muna.
   661 | D        | Found an ancient bone altar of Kikubaaqudgha.
   661 | D        | Noticed a wizard
   664 | D        | Killed a wizard
   664 | D        | Reached skill level 9 in Spellcasting
   664 | D        | Reached skill level 5 in Conjurations
   665 | D        | Noticed a rust devil
   665 | D        | Reached XP level 5. HP: 26/28 MP: 6/17
   681 | D        | Learned a level 5 spell: Fireball
   685 | D        | Learned a level 3 spell: Mephitic Cloud
   698 | D        | Became a worshipper of Vehumet
   736 | D        | Found a glowing silver altar of Zin.
   737 | D        | Found a glowing golden altar of the Shining One.
   737 | D        | Found a white marble altar of Elyvilon.
   737 | D        | Noticed a deep elf mage
   743 | D        | Killed a deep elf mage
   743 | D        | Reached skill level 11 in Spellcasting
   743 | D        | Reached XP level 6. HP: 30/36 MP: 8/20
   743 | D        | Reached XP level 7. HP: 33/40 MP: 8/21
   818 | D        | Found an ornate altar of the Wu Jian Council.
   818 | D        | Found a roughly hewn altar of Beogh.
   818 | D        | Found an iron altar of Okawaru.
   818 | D        | Found a bloodstained altar of Trog.
   818 | D        | Found a hide-covered altar of Uskayaw.
   818 | D        | Noticed a human
   820 | D        | Noticed a human
   824 | D        | Killed a human
   824 | D        | Reached skill level 5 in Dodging
   827 | D        | Killed a human
   827 | D        | Reached * piety under Vehumet
   827 | D        | Offered knowledge of Freeze by Vehumet.
   827 | D        | Reached skill level 12 in Spellcasting
   914 | D        | Found a basalt altar of Yredelemnul.
   914 | D        | Found a shadowy altar of Dithmenos.
   914 | D        | Found a sacrificial altar of Ru.
  1142 | D        | Noticed a shadow
  1156 | D        | Killed a shadow
  1156 | D        | Reached ** piety under Vehumet
  1156 | D        | Offered knowledge of Shock by Vehumet.
  1156 | D        | Reached XP level 8. HP: 35/45 MP: 14/24
  1226 | D        | Found a blossoming altar of Fedhas.
  1226 | D        | Found a stormy altar of Qazlal.
  1226 | D        | Found a snail-covered altar of Cheibriados.
  1226 | D        | Found a burning altar of Makhleb.
  1226 | D        | Found a shimmering altar of Xom.
  1227 | D        | Found a hazy altar of Hepliaklqana.
  1227 | D        | Found an opulent altar of Gozag.
  1227 | D        | Found a sparkling altar of Nemelex Xobeh.
  1227 | D        | Found a corrupted altar of Lugonu.
  1227 | D        | Found a viscous altar of Jiyva.
  1242 | D        | Reached skill level 5 in Poison Magic
  1301 | D        | Offered knowledge of Searing Ray by Vehumet.
  1315 | D        | Reached *** piety under Vehumet
  1315 | D        | Reached skill level 13 in Spellcasting
  1509 | D        | Noticed a two-headed ogre
  1516 | D        | Noticed Erolcha
  1519 | D        | Killed a two-headed ogre
  1519 | D        | Offered knowledge of Airstrike by Vehumet.
  1519 | D        | Reached skill level 5 in Short Blades
  1519 | D        | Reached skill level 5 in Air Magic
  1524 | D        | Killed Erolcha
  1524 | D        | Reached skill level 14 in Spellcasting
  1524 | D        | Reached XP level 9. HP: 52/52 MP: 9/26
  1525 | D        | Learned a level 4 spell: Airstrike
  1531 | D        | Noticed a two-headed ogre
  1536 | D        | Killed a two-headed ogre
  1536 | D        | Reached **** piety under Vehumet
  1536 | D        | Reached skill level 5 in Fighting
  1536 | D        | Reached skill level 5 in Armour
  1673 | D        | Offered knowledge of Throw Icicle by Vehumet.
  1691 | D        | HP: 2/54 [poisoned by a redback]
  1692 | D        | Succumbed to a redback's poison

Vault maps used:
D:        dungeon_sprint_mu

Skill      XL: |  1  2  3  4  5  6  7  8  9 |
---------------+----------------------------+-----
Spellcasting   | 4 6 8 9 11 12 14 | 14.4
Conjurations   | 2 3 4 5 6 7 8 |  8.8
Fire Magic     | 4 5 6 7 8 9 |  9.5
Fighting       | 2 3 4 5 |  5.1
Short Blades   | 3 4 5 6 |  6.1
Armour         | 2 3 4 5 |  5.1
Dodging        | 4 6 7 8 |  8.0
Air Magic      | 3 4 5 6 |  6.1
Poison Magic   | 3 4 6 |  6.7
Stealth        | |  2.4

Action                   |  1- 3 |  4- 6 |  7- 9 || total
-------------------------+-------+-------+-------++-------
Melee: Dagger            |       |       |     4 ||     4
 Cast: Flame Tongue      |    20 |     4 |    32 ||    56
       Conjure Flame     |     1 |       |     7 ||     8
       Throw Flame       |     1 |       |       ||     1
       Sticky Flame      |       |     3 |    10 ||    13
       Mephitic Cloud    |       |     1 |     4 ||     5
       Inner Flame       |       |       |     4 ||     4
       Fireball          |       |       |     1 ||     1
  Use: Potion            |     3 |       |     3 ||     6
       Scroll            |     2 |       |       ||     2
 Stab: Sleeping          |       |       |     1 ||     1
  Eat: Bread ration      |       |       |     1 ||     1
Armor: Robe              |     2 |       |     1 ||     3
Dodge: Dodged            |     4 |     2 |    16 ||    22

Table legend:
 A = Spawn XP
 B = Non-spawn XP
 C = Spawn XP percentage of total XP
 D = Spawn monster count
 E = Non-spawn monster count
 F = Spawn count percentage of total count
 G = Total turns spent on level
                    A         B        C        D         E        F      G
               +---------+---------+-------+---------+---------+-------+---------
         Total |       0 |    4190 |   0.0 |       0 |      25 |   0.0 |  1692
               +---------+---------+-------+---------+---------+-------+---------
             D |       0 |    4190 |   0.0 |       0 |      25 |   0.0 |  1692
               +---------+---------+-------+---------+---------+-------+---------
